 Dungeon Crawl Stone Soup version 0.31.0-9-g3a7656b989 (webtiles) character file.

Game seed: 4522487576471492886

182 Arcadio the Trooper (level 5, -4/42 HPs)
             Began as a Human Monk on Jan 24, 2024.
             Was an Initiate of Ashenzari.
             Slain by Pikel
             ... wielding a +2 whip of freezing
              (7 damage)
             ... on level 3 of the Dungeon.
             The game lasted 00:05:50 (2114 turns).

Arcadio the Trooper (Human Monk)                    Turns: 2114, Time: 00:05:50

Health: -4/42      AC:  7    Str: 11    XL:     5   Next: 61%
Magic:  5/5        EV: 10    Int: 10    God:    Ashenzari [......]
Gold:   104        SH:  0    Dex: 18    Spells: 4/4 levels left

rFire   . . .        a - +0 falchion
rCold   + . .        d - orb "Oracular Gnosis" {light, Range, Bglg} (curse)
rNeg    . . .        m - +0 scale mail
rPois   .            (no helmet)
rElec   .            (no cloak)
rCorr   .            (no gloves)
SInv    .            t - +0 pair of boots
Will    .....        f - amulet of regeneration Stlth
                     i - ring of protection from cold
HPRegen 1.07/turn    l - ring of flight
MPRegen 0.09/turn

%: no passive effects
@: mighty, flying, glowing
A: explore regen
a: Renounce Religion, Shatter the Chains


You were on level 3 of the Dungeon.
You worshipped Ashenzari.
Ashenzari was noncommittal.
You visited 1 branch of the dungeon, and saw 4 of its levels.

You collected 152 gold pieces.
You spent 48 gold pieces at shops.

Inventory:

Hand Weapons
 a - a +0 falchion (weapon)
 q - a +2 dagger of draining
Armour
 b - a +1 robe
 d - the cursed orb "Oracular Gnosis" (worn) {light, Range, Bglg}

   It has a curse which improves the following skills: Ranged Combat: Ranged
   Weapons and Throwing.
   Beguiling: Hexes and Translocations.
 m - a +0 scale mail (worn)
 n - a +0 kite shield
 t - a +0 pair of boots (worn)
Jewellery
 f - an amulet of regeneration (around neck)
 i - a ring of protection from cold (left hand)
 l - a ring of flight (right hand)
Wands
 s - a wand of iceblast (4)
Scrolls
 e - a scroll of enchant armour
 g - a scroll of poison
 o - a scroll of fog {unknown}
 p - a scroll of enchant weapon {unknown}
Potions
 c - a potion of ambrosia
 h - a potion of resistance
 j - a potion of might
 k - a potion of mutation
 r - 2 potions of heal wounds {unknown}


   Skills:
 + Level 4.3 Fighting
 + Level 4.2 Long Blades
 + Level 4.2 Dodging


You had 4 spell levels left.
You didn't know any spells.
Your spell library was empty.

Dungeon Overview and Level Annotations

Branches:
Dungeon (4/15)
 Temple: D:4-7

Altars:
Ashenzari

Shops:
D:2 ?

Annotations:
D:3 3 runed translucent doors, Pikel; diceflayer's ghost, amateur NaGl


Innate Abilities, Weirdness & Mutations

You regain HP and MP as you explore.


Message History

Level annotation: 3 runed translucent doors, diceflayer's ghost, amateur NaGl
There is a stone staircase leading down here.
You closely miss Pikel.
Pikel hits you with a +2 whip of freezing. x2
Pikel freezes you.
You slash Pikel!
Pikel is moderately wounded.
Pikel hits you with a +2 whip of freezing.
You hit Pikel.
Pikel is moderately wounded.
Pikel hits you with a +2 whip of freezing.
You barely miss Pikel.
Pikel is moderately wounded.
Pikel closely misses you.
You hit Pikel.
Pikel is moderately wounded.
Pikel hits you with a +2 whip of freezing.
Pikel freezes you.
You hit Pikel but do no damage.
Pikel is moderately wounded.
Pikel hits you with a +2 whip of freezing.
Pikel freezes you.
You feel very mighty all of a sudden.
Pikel hits you with a +2 whip of freezing.
You barely miss Pikel.
Pikel is moderately wounded.
Pikel hits you with a +2 whip of freezing.
* * * LOW HITPOINT WARNING * * *
Pikel freezes you.
* * * LOW HITPOINT WARNING * * *
You slash Pikel!
Pikel is severely wounded.
Pikel hits you with a +2 whip of freezing.
* * * LOW HITPOINT WARNING * * *
Okay, then.
You slash Pikel!
Pikel is almost dead.
Pikel hits you with a +2 whip of freezing!
You die...
Pikel says, "Another soul for the market."

#.....##.#
#.....##.####.....
#####.##.###....###.#
######
####.#...##.#.## #.# #
#......#......# #.# #
#.####...####.# #.#
### #.# ##.## #.# #.#
##.. #.# #.# #(# #.#
###..# #.#
#.#####.####.# #.....
#.# #...K@.......#
##....# #.#
#######.########...###
#.### #.# #..###..
##...#########.#
#.##....
#..............#
###.#....#
#.##.#########.#
#...#...## #.##.# #.#
#.#.+..(#$ #.##.# #.#
#.#.+...#(
#.##.#########.#
#.#.+...##


You could see Pikel.

Vanquished Creatures
  A phantom (D:4)
  A hound (D:3)
  An adder (D:2)
  4 dart slugs
  2 ribbon worms (D:2)
  6 bats
  3 endoplasms
  3 giant cockroaches
  5 goblins
  8 hobgoblins
  4 quokkas
  6 ball pythons
  A frilled lizard (D:1)
  3 kobolds
  4 rats (D:1)
52 creatures vanquished.

Notes
Turn   | Place    | Note
-------+----------+-------------------------------------------
     0 | D:1      | Arcadio the Human Monk began the quest for the Orb.
     0 | D:1      | Reached XP level 1. HP: 18/18 MP: 1/1
   188 | D:1      | Reached XP level 2. HP: 23/24 MP: 2/2
   483 | D:1      | Reached XP level 3. HP: 23/29 MP: 3/3
  1093 | D:2      | Found Figukuh's Magic Scroll Shop.
  1122 | D:2      | Bought a scroll of identify for 24 gold pieces
  1122 | D:2      | Bought a scroll of identify for 24 gold pieces
  1186 | D:2      | Reached XP level 4. HP: 37/37 MP: 4/4
  1433 | D:3      | Found a runed translucent gate.
  1433 | D:3      | Found a runed translucent gate.
  1433 | D:3      | Found a runed translucent gate.
  1661 | D:3      | Found a broken altar of Ashenzari.
  1674 | D:3      | Became a worshipper of Ashenzari the Shackled
  1781 | D:3      | Noticed diceflayer's ghost (amateur NaGl)
  2060 | D:4      | Noticed a phantom
  2073 | D:4      | Noticed a lemure
  2080 | D:4      | Noticed a lemure
  2089 | D:4      | Noticed Pikel
  2090 | D:4      | Killed a phantom
  2090 | D:4      | Noticed a lemure
  2091 | D:4      | Reached XP level 5. HP: 34/42 MP: 5/5
  2113 | D:3      | HP: 2/42 [Pikel/+2 whip of freezing (6)]
  2114 | D:3      | Slain by Pikel

Illustrated notes

Levels and vault maps discovered:
D:1:      heliophobic_arrival_battle_scene, layout_basic
D:2:      layout_loops_cross, serial_shops, shop
D:3:      layout_loops_ring, nicolae_overflow_crystal_walls,
          gammafunk_ghost_icy, minmay_box_of_dots
D:4:      layout_loops_corners, uniq_pikel

Skill      XL: |  1  2  3  4 |
---------------+-------------+-----
Fighting       | 4 |  4.3
Long Blades    | 4 |  4.2
Dodging        | 4 |  4.2

Action                     |  1- 3 |  4- 6 || total
---------------------------+-------+-------++-------
  Melee: Falchion          |    90 |    60 ||   150
 Invoke: Curse Item        |       |     1 ||     1
    Use: Scroll            |     5 |       ||     5
         Potion            |       |     1 ||     1
 Armour: Robe              |    38 |       ||    38
         Scale mail        |     9 |    61 ||    70
  Dodge: Dodged            |    64 |    34 ||    98
